 Dungeon Crawl Stone Soup version 0.28-a0-224-g76b539d98b (webtiles) character file.

Game seed: 16956410694196426958

4 brigan the Ducker (level 1, -1/10 HPs)
             Began as a Felid Berserker on Aug 21, 2021.
             Was a Follower of Trog.
             Slain by a goblin (3 damage)
             ... on level 1 of the Dungeon.
             The game lasted 00:01:24 (223 turns).

brigan the Ducker (Felid Berserker)                  Turns: 223, Time: 00:01:25

Health: -1/10      AC:  1    Str: 13    XL:     1   Next: 58%
Magic:  2/2        EV: 18    Int:  8    God:    Trog [*.....]
Gold:   0          SH:  0    Dex: 15    Spells: 0/0 levels left
                                        Lives:  0   Deaths: 0

rFire   . . .      SeeInvis +     - Unarmed
rCold   . . .      Faith    .   (shield unavailable)
rNeg    . . .      Spirit   .   (armour unavailable)
rPois   .          Reflect  .   (helmet unavailable)
rElec   .          Harm     .   (cloak unavailable)
rCorr   .          Rampage  .   (gloves unavailable)
Will    .....                   (boots unavailable)
Stlth   +.........              (no amulet)
HPRegen 0.03/turn               (no ring)
MPRegen 0.08/turn               (no ring)

@: quick
A: very small, claws 1, fangs 3, see invisible, speed 1, shaggy fur 1, stealthy
paws, no weapons or thrown items, no armour, multi-lived
a: Renounce Religion, Berserk


You were on level 1 of the Dungeon.
You worshipped Trog.
Trog was aware of your devotion.
You visited 1 branch of the dungeon, and saw 2 of its levels.

Inventory:

Potions
 a - a potion of curing {unknown}


   Skills:
 + Level 3.1 Fighting
 + Level 4.1 Dodging
 + Level 3.1 Unarmed Combat


You couldn't memorise any spells.
You didn't know any spells.
Your spell library was empty.

Dungeon Overview and Level Annotations

Branches:
Dungeon (2/15)

Altars:


Innate Abilities, Weirdness & Mutations

You have sharp claws.
You have razor-sharp teeth.
You have supernaturally acute eyesight. (SInv)
You cover ground quickly. (Speed+)
You are covered in fur. (AC +1)
Your paws help you pounce on unaware monsters.
You are incapable of wielding weapons or throwing items.
You cannot wear armour.
You gain extra lives every three experience levels.


Message History

r - Retreat! s - Stop attacking. g - Guard the area. f - Follow me.
Anything else - Cancel.
You meow for attention!
What are your orders? t - Meow!
Orders for allies: a - Attack new target. r - Retreat! s - Stop attacking. g - Guard the area. f - Follow me.
Anything else - Cancel.
You meow for attention!
What are your orders? t - Meow!
Orders for allies: a - Attack new target. r - Retreat! s - Stop attacking. g - Guard the area. f - Follow me.
Anything else - Cancel.
Okay, then.
The ball python closely misses you. x2
You scratch the ball python.
You kill the ball python!
Trog accepts your kill.
You see here a ball python corpse.
You see here 18 sling bullets.
You see here a ball python corpse.
You see here a ball python corpse.
Found an escape hatch in the floor.
An endoplasm comes into view.
An endoplasm is nearby!
A goblin comes into view. It is wielding a +0 dagger.
The endoplasm quivers.
The endoplasm freezes you.
You are frozen.
You scratch the endoplasm.
The endoplasm is almost dead.
The endoplasm freezes you.
You are frozen.
* * * LOW HITPOINT WARNING * * *
You barely miss the goblin. The goblin hits you with a +0 dagger.
You die...

≈≈≈≈≈≈.≈≈≈≈≈≈#..# ..
≈8≈≈≈≈≈.≈≈8≈≈≈#.##....
≈≈≈≈≈≈≈≈.≈≈≈≈≈.........
≈≈≈≈≈≈≈≈.≈≈≈≈≈.###.....
≈≈≈≈≈≈≈≈.≈≈≈≈≈.# ....
≈≈≈≈≈<..≈≈≈≈≈≈.######## .
≈≈≈≈..>≈≈≈≈≈≈≈.....# ..
≈≈≈.≈≈≈≈≈≈≈≈≈≈..g..## #...
≈≈≈.≈≈≈≈≈≈≈≈≈≈.?@...#.....
≈≈≈.≈≈≈≈≈≈≈≈≈≈...J....#
≈8≈≈.≈≈≈≈≈8≈≈≈........#
≈≈≈≈≈.≈≈≈≈≈≈≈..?..........
≈≈≈≈≈.≈≈≈≈≈≈.....>..##.##.
.≈≈≈.≈≈≈≈≈≈........## ..
............ ..
#........... #..........##


You could see an endoplasm and a goblin.

Vanquished Creatures
  2 ball pythons (D:1)
  2 goblins (D:1)
4 creatures vanquished.

Notes
Turn   | Place    | Note
-------+----------+-------------------------------------------
     0 | D:1      | brigan the Felid Berserker began the quest for the Orb.
     0 | D:1      | Reached XP level 1. HP: 10/10 MP: 2/2
   223 | D:1      | Slain by a goblin

Illustrated notes

Levels and vault maps discovered:
D:1:      nzn_arrival_water_spiral, layout_rooms, kennysheep_minor_cross
D:2:      layout_rooms, chequers_ecumenical_altar_simple,
          kennysheep_generic_room_14, uniq_sigmund

Action                   || total
-------------------------++-------
Melee: Unarmed           ||     9
Dodge: Dodged            ||     7

Table legend: (Time is in decaauts)
 A = Elapsed time spent in this place.
 B = Non-inter-level travel time spent in this place.
 C = Inter-level travel time spent in this place.
 D = Time resting spent in this place.
 E = Time spent auto-exploring this place.
 F = Levels seen in this place.
 G = Mean time per level.
                   A        B        C        D        E       F      G
               +--------+--------+--------+--------+--------+-----+--------+
         Total |    208 |    208 |      0 |      0 |    160 |   2 |  104.0 |
       Dungeon |    208 |    208 |      0 |      0 |    160 |   2 |  104.0 |
               +--------+--------+--------+--------+--------+-----+--------+

Top non-repeatable levels by time:
     D:1: 206 daAuts
     D:2: 1 daAuts
